 Seeded DCSS version 0.28.0-45-g0d030f2227 (webtiles) character file.

Game seed: 12438630275245706108 (custom seed)

51 zeratav the Insei (level 3, -2/24 HPs)
             Began as an Octopode Transmuter on Apr 19, 2022.
             Slain by Terence
             ... wielding a +2 vorpal hand axe
              (6 damage)
             ... on level 2 of the Dungeon.
             The game lasted 00:02:54 (1648 turns).

zeratav the Insei (Octopode Transmuter)             Turns: 1648, Time: 00:02:54

Health: -2/24      AC:  1    Str:  9    XL:     3   Next: 83%
Magic:  15/15      EV: 13    Int: 15    God:
Gold:   70         SH:  0    Dex: 14    Spells: 5/6 levels left

rFire   . . .      SeeInvis .     - Unarmed
rCold   . . .      Faith    .   (no shield)
rNeg    . . .      Spirit   .   (helmet restricted)
rPois   .          Reflect  .   (no amulet)
rElec   .          Harm     .   a - ring of magical power
rCorr   .          Rampage  .   (no ring)
Will    .....                   (no ring)
Stlth   +++.......              (no ring)
HPRegen 0.08/turn               (no ring)
MPRegen 0.14/turn               (no ring)
                                (no ring)
                                (no ring)

@: no status effects
A: almost no armour, amphibious, 8 rings, camouflage 1, gelatinous body 1,
(nimble swimmer 1), tentacles
a: no special abilities


You were on level 2 of the Dungeon.
You visited 1 branch of the dungeon, and saw 2 of its levels.

You collected 70 gold pieces.


Innate Abilities, Weirdness & Mutations

You cannot wear most types of armour.
You are amphibious.
You can wear up to eight rings at the same time.
Your skin changes colour to match your surroundings (Stealth+).
Your rubbery body absorbs attacks. (AC +1, EV +1)
((You are camouflaged when in or above water. (Stealth+)))
You have tentacles for arms and can constrict up to eight enemies at once.


   Skills:
 + Level 1.8 Fighting
 + Level 2.4 Dodging
 + Level 1.9 Stealth
 * Level 3.7 Unarmed Combat
 - Level 2.0 Spellcasting
 - Level 2.0 Transmutations


You had 5 spell levels left.
You knew the following spells:

 Your Spells              Type           Power      Damage    Failure   Level
a - Beastly Appendage     Tmut           14%        N/A       10%         1

Your spell library contained the following spells:

 Spells                   Type           Power      Damage    Failure   Level
 Wereblood                Tmut           7%         N/A       14%         2
 Spider Form              Tmut/Pois      4%         N/A       41%         3
 Ice Form                 Ice/Tmut       4%         N/A       82%         4
 Hailstorm                Conj/Ice       1%         3d3       91%         4
 Simulacrum               Ice/Necr       0%         N/A       100%        6

Inventory:

Jewellery
 a - a ring of magical power (left tentacle)
   (You found it on level 1 of the Dungeon)
Scrolls
 b - 3 scrolls of identify {unknown}
 c - a scroll of vulnerability {unknown}
 d - a scroll of blinking {unknown}
 e - a scroll of enchant armour {unknown}

Dungeon Overview and Level Annotations

Branches:
Dungeon (2/15)

Altars:

Shops:
D:1 =   D:2 :

Annotations:
D:2 Natasha, Terence

....#.#.#
.......#.#
....#....#
..S.#.<..#
....##.†.#
.......S.#
...####K##
#@# #@#
#....r..#
#..........
#.......###
#.......h≈
###.##.)≈.≈
#.# .§...
#.. ≈..∩.


You could see Terence, Natasha, a ball python, a kobold and a rat.


Message History

You tentacle-slap the quokka but do no damage.
You constrict the quokka. The quokka barely misses you.
You barely miss the quokka. You constrict the quokka.
You kill the quokka!
HP[+1]
You now have 24 max hp (+1).
No target in view!
An adder comes into view.
HP[+3]
Your hp is fully restored (24).
One of your tentacles grows a vicious spike.
MP[-1]
You lost 1 mp, and now have 14/15 mp.
Your transformation is almost over.
The helpless adder fails to defend itself.
You tentacle-slap the adder. Your grab misses the adder.
Your tentacle spike misses the adder.
The adder bites you.
You are poisoned.
The adder poisons you!
HP[-4] MP[+1]
You take 4 damage, and now have 20/24 hp.
Your mp is fully restored (15).
You miss the adder. You grab the adder.
You pierce the adder.
You kill the adder!
You feel sick.
HP[-1]
You take 1 damage, and now have 19/24 hp.
No target in view!
No target in view!
No target in view!
No target in view!
No target in view!
No target in view!
You feel sick.
You feel sick.
You feel sick.
You feel sick.
You feel sick.
You feel sick.
You are no longer poisoned.
Your tentacle spike disappears.
You see here an adder corpse.
e - a scroll labelled GEBAOC QACK HP[+5]
Your hp is fully restored (24).
You see here a +0 chain mail.
Found a stone staircase leading down.
There is a stone staircase leading down here.
Found a glowing falchion.
One of your tentacles grows a vicious spike.
MP[-1]
You lost 1 mp, and now have 14/15 mp.
Your transformation is almost over.
There is a stone staircase leading down here.
Your tentacle spike disappears.
You pick up a book of the Tundra and begin reading...
You add the spells Hailstorm and Simulacrum to your library.
MP[+1]
Your mp is fully restored (15).
There is a stone staircase leading down here.
Terence the Incautious comes into view.
He is wielding a +2 vorpal hand axe and wearing a +2 chain mail of fire resistance.
Terence shouts!
A kobold comes into view. It is wielding a +0 short sword.
A ball python comes into view.
An adder comes into view.
Found a stone staircase leading up.
Terence shouts!
You hear a shout!
Found a stone staircase leading down.
A rat comes into view.
You tentacle-slap the rat.
You kill the rat!
There is a stone staircase leading down here.
Natasha and a rat come into view.
Found Mofoxyne's Book Boutique.
The ball python hisses angrily.
You tentacle-slap Terence but do no damage.
Your grab misses Terence.
Terence hits you with a +2 vorpal hand axe.
HP[-6]
You take 6 damage, and now have 18/24 hp.
MASSIVE DAMAGE!! (PAUSE)
You tentacle-slap Terence. You grab Terence. You constrict Terence.
Terence hits you with a +2 vorpal hand axe!
* * * LOW HITPOINT WARNING * * *
x2 HP[-9]
You take 9 damage, and now have 9/24 hp.
MASSIVE DAMAGE!! (PAUSE)
You tentacle-slap Terence but do no damage.
You constrict Terence, but do no damage.
Terence hits you with a +2 vorpal hand axe.
* * * LOW HITPOINT WARNING * * *
x2 HP[-5]
You take 5 damage, and now have 4/24 hp.
MASSIVE DAMAGE!! (PAUSE)
You tentacle-slap Terence but do no damage.
You squeeze Terence, but do no damage.
You constrict Terence, but do no damage.
Natasha hisses angrily.
Terence hits you with a +2 vorpal hand axe.
You die...

Skill      XL: |  1  2 |
---------------+-------+-----
Stealth        | 1 |  1.9
Fighting       | |  1.8
Dodging        | |  2.4
Unarmed Combat | |  3.7
Spellcasting   | |  2.0
Transmutations | |  2.0

Action                   || total
-------------------------++-------
Melee: Unarmed           ||    57
       Constrict         ||    13
       Kick              ||    14
       Tentacles         ||     8
       Punch             ||     2
 Cast: Beastly Appendage ||    18
 Stab: Sleeping          ||     5
Armor: Skin              ||     1
Dodge: Dodged            ||    27

Levels and vault maps discovered:
D:1:      minmay_arrival_split_and_join, layout_basic,
          hellmonk_ecumenical_altar_arch_garden, nicolae_shop_unique_rings
D:2:      layout_basic, serial_glass, glass_columns_b, glass_columns_c,
          serial_shops, nicolae_diamond_shop, patterned_corridor, uniq_terence,
          uniq_natasha

Notes
Turn   | Place    | Note
-------+----------+-------------------------------------------
     0 | D:1      | zeratav the Octopode Transmuter began the quest for the
                  | Orb.
     0 | D:1      | Reached XP level 1. HP: 13/13 MP: 3/3
     0 | D:1      | magus.rc [v1.9.6]
   361 | D:1      | Found Fetet's One-of-a-Kind Rings.
   387 | D:1      | Reached XP level 2. HP: 18/18 MP: 5/5
   554 | D:1      | Found a faded altar of an unknown god.
   576 | D:1      | Reached skill level 1 in Stealth
  1101 | D:2      | Reached XP level 3. HP: 17/23 MP: 6/6
  1595 | D:2      | You pick up a book of the Tundra and begin reading...
  1595 | D:2      | You add the spells Hailstorm and Simulacrum to your
                  | library.
  1617 | D:2      | Noticed Terence
  1644 | D:2      | Found Mofoxyne's Book Boutique.
  1644 | D:2      | Noticed Natasha
  1647 | D:2      | HP: 5/24 [Terence/+2 vorpal hand axe (5)]
  1648 | D:2      | Slain by Terence

Vanquished Creatures
  3 adders (D:2)
  4 bats
  4 endoplasms
  2 goblins (D:1)
  A hobgoblin (D:1)
  3 quokkas
  3 ball pythons (D:1)
  A kobold (D:1)
  3 rats
24 creatures vanquished.

Table legend:
 A = Non-vault XP
 B = Vault XP
 C = Vault XP percentage of total XP
 D = Non-vault monster count
 E = Vault monster count
 F = Vault count percentage of total count
                 A         B        C        D         E       F
            +---------+---------+-------+---------+---------+-------
      Total |      74 |       0 |   0.0 |      24 |       0 |   0.0
            +---------+---------+-------+---------+---------+-------
        D:1 |      27 |       0 |   0.0 |      16 |       0 |   0.0
        D:2 |      47 |       0 |   0.0 |       8 |       0 |   0.0
            +---------+---------+-------+---------+---------+-------

Illustrated notes

Table legend:
 A = Kills in this place as a percentage of kills in entire the game.
 B = Kills by you in this place as a percentage of kills by you in the entire game.
 C = Kills by friends in this place as a percentage of kills by friends in the entire game.
 D = Other kills in this place as a percentage of other kills in the entire game.
 E = Experience gained in this place as a percentage of experience gained in the entire game.
 F = Experience gained in this place divided by the number of levels of this place that you have seen.
                   A       B       C       D       E      F
               +-------+-------+-------+-------+-------+----------------------
         Total | 100.0 | 100.0 |   N/A |   N/A | 100.0 |  37.0
       Dungeon | 100.0 | 100.0 |   N/A |   N/A | 100.0 |  37.0
               +-------+-------+-------+-------+-------+----------------------

Table legend: (Time is in decaauts)
 A = Elapsed time spent in this place.
 B = Non-inter-level travel time spent in this place.
 C = Inter-level travel time spent in this place.
 D = Time resting spent in this place.
 E = Time spent auto-exploring this place.
 F = Levels seen in this place.
 G = Mean time per level.
                   A        B        C        D        E       F      G
               +--------+--------+--------+--------+--------+-----+--------+
         Total |   1644 |   1636 |      8 |      0 |   1442 |   2 |  822.0 |
       Dungeon |   1644 |   1636 |      8 |      0 |   1442 |   2 |  822.0 |
               +--------+--------+--------+--------+--------+-----+--------+

Top non-repeatable levels by time:
     D:1: 1087 daAuts
     D:2: 556 daAuts
